 Dungeon Crawl Stone Soup version 0.31-a0-1074-g0b22e4e0f1 (console) character file.

Game seed: 10140447590929233436

218823 jejorda2 the Carver (level 19, -8/229 HPs)
             Began as a Gnoll Berserker on Dec 5, 2023.
             Was a High Priest of Trog.
             Shot with an arrow by a satyr (22 damage)
             ... on level 4 of the Shoals.
             The game lasted 01:43:47 (37517 turns).

jejorda2 the Carver (Gnoll Berserker)              Turns: 37517, Time: 01:43:48

Health: -8/229     AC: 33    Str: 23    XL:     19   Next: 12%
Magic:  36/36      EV: 20    Int: 12    God:    Trog [*****.]
Gold:   1059       SH:  0    Dex: 11    Spells: 44/44 levels left

rFire   + . .        a - +8 battleaxe (spect)
rCold   . . .        (shield currently unavailable)
rNeg    . . .        L - +2 plate armour {rF+}
rPois   +            A - +2 helmet {SInv}
rElec   +            j - +0 cloak
rCorr   .            n - +2 pair of gloves
SInv    +            J - +2 pair of slick slippers {slick, slippery, EV+4}
Will    +++..        K - amulet of the acrobat Stlth
                     u - ring "Apas" {rElec rPois EV+5 Int+3 Slay+2}
HPRegen 1.58/turn    I - +4 ring of protection
MPRegen 0.25/turn

%: acrobat
@: berserking, strong-willed, regenerating, studying 3 skills, very quick
A: fangs 1, strong nose, distributed training
}: 1/15 runes: gossamer
a: Renounce Religion, Berserk, Trog's Hand, Brothers in Arms


You were on level 4 of the Shoals.
You worshipped Trog.
Trog was extremely pleased with you.
You visited 5 branches of the dungeon, and saw 30 of its levels.
You also visited: Gauntlet and Ice Cave.

You collected 3585 gold pieces.
You spent 2526 gold pieces at shops.

Inventory:

Hand Weapons
 a - a +8 spectral battleaxe (weapon)
 b - a +5 heavy dire flail
 N - a +3 demon whip
Missiles
 c - 4 silver javelins
 f - 5 throwing nets
 g - 29 poisoned darts
 p - 21 javelins
 w - 28 boomerangs (quivered)
 D - 8 curare-tipped darts
Armour
 j - a +0 cloak (worn)
 n - a +2 pair of gloves (worn)
 A - a +2 helmet of see invisible (worn)
 J - the +2 pair of slick slippers (worn) {slick, slippery, EV+4}
   (You found it on level 10 of the Dungeon)

   Slick:     Its wearer cannot be constricted, engulfed, netted or webbed.
   Slippery:  Its wearer slips away from damaging melee attacks, pulling the
   attacker onward.
   EV+4:      It affects your evasion (+4).
 L - a +2 plate armour of fire resistance (worn)
Jewellery
 m - a ring of fire
 r - a ring of positive energy
 u - the ring "Apas" (left hand) {rElec rPois EV+5 Int+3 Slay+2}
   (You acquired it on level 3 of the Lair of Beasts)

   [ring of evasion]

   EV+5:      It affects your evasion (+5).
   Int+3:     It affects your intelligence (+3).
   Slay+2:    It affects your accuracy & damage with ranged weapons and melee
   (+2).
   rElec:     It insulates you from electricity.
   rPois:     It protects you from poison
 G - a ring of fire
 I - a +4 ring of protection (right hand)
 K - an amulet of the acrobat (around neck)
 R - a ring of protection from cold
Wands
 t - a wand of iceblast (34)
 x - a wand of flame (37)
 y - a wand of polymorph (23)
 M - a wand of digging (12)
 U - a wand of mindburst (16)
 V - a wand of paralysis (16)
Scrolls
 d - 7 scrolls of revelation
 q - 3 scrolls of blinking
 s - 5 scrolls of teleportation
 C - a scroll of enchant armour
 H - 2 scrolls of fog
 P - 3 scrolls of silence
 Q - 5 scrolls of poison
 S - 5 scrolls of immolation
 W - 2 scrolls of fear
Potions
 e - 9 potions of curing
 h - 7 potions of attraction
 i - 7 potions of ambrosia
 k - 2 potions of cancellation
 l - 4 potions of haste
 o - 2 potions of might
 v - 4 potions of enlightenment
 z - 8 potions of mutation
 B - a potion of invisibility
 E - 6 potions of heal wounds
 F - 4 potions of resistance
 Z - 2 potions of lignification
Miscellaneous
 O - a phial of floods
 X - a lightning rod (4/4)


   Skills:
 + Level 14.5 Fighting
 + Level 13.1 Short Blades
 + Level 14.6 Long Blades
 + Level 14.5 Axes
 + Level 13.2 Maces & Flails
 + Level 13.1 Polearms
 + Level 13.1 Staves
 + Level 13.1 Ranged Weapons
 + Level 13.2 Throwing
 + Level 13.8 Armour
 + Level 13.8 Dodging
 + Level 13.1 Stealth
 + Level 13.1 Shields
 + Level 13.1 Unarmed Combat
 + Level 13.1 Spellcasting
 + Level 11.1 Conjurations
 + Level 11.1 Hexes
 + Level 11.1 Summonings
 + Level 11.1 Necromancy
 + Level 11.1 Translocations
 + Level 11.1 Transmutations
 + Level 11.1 Fire Magic
 + Level 11.1 Ice Magic
 + Level 11.1 Air Magic
 + Level 11.1 Earth Magic
 + Level 11.1 Poison Magic
 + Level 14.2 Invocations
 + Level 13.1 Evocations
 + Level 12.0 Shapeshifting


You had 44 spell levels left.
You didn't know any spells.
Your spell library was empty.

Dungeon Overview and Level Annotations

Branches:
Dungeon (15/15)            Temple (0/1) D:6            Lair (5/5) D:11
 Shoals (4/4) Lair:3       Spider (4/4) Lair:3        Slime (0/5) Lair:5
    Orc (2/2) D:12            Elf (0/3) Orc:2        Vaults (0/5) D:14
 Depths (0/4) D:15          IceCv (visited)         Gauntlet (visited)

Altars:
Dithmenos
Elyvilon
Fedhas
Okawaru
Qazlal
Sif Muna
The Shining One
Jiyva

Shops:
D:2 [   D:3 ?   D:15 [   Orc:2 *(:*   Shoals:1 [   Shoals:2 :

Annotations:
D:5 3 runed translucent doors, Jeffwins's ghost, novice TrEE
D:7 1 exclusion, Jeremiah
D:8 1 runed translucent door, waewhow's ghost, novice DsBe
Shoals:1 3 runed translucent doors, Mungiw's ghost, adept MiBe
Spider:2 3 runed translucent doors, Luyduwku's ghost, journeyman FeSh; Uximull's ghost, adept DsCA


Innate Abilities, Weirdness & Mutations

You have very sharp teeth.
Your uncanny sense of smell can sniff out nearby items.
Your experience applies equally to all skills.


Message History

The merfolk javelineer is almost dead.
Your +8 spectral battleaxe barely misses the merfolk javelineer.
Your +8 spectral battleaxe hits the merfolk siren!
The merfolk throws a boomerang.
The boomerang barely misses your +8 spectral battleaxe.
The merfolk siren is engulfed in poison gas.
The merfolk siren looks even sicker.
The merfolk siren hits you but does no damage.
The merfolk javelineer throws a silver javelin.
The silver javelin pierces through you but does no damage.
* * * LOW HITPOINT WARNING * * *
You slash the merfolk javelineer!
The merfolk javelineer is almost dead.
Your +8 spectral battleaxe hits the merfolk javelineer!!
You feel the power of Trog in you as your rage grows.
You kill the merfolk javelineer!
Trog accepts your kill.
Your +8 spectral battleaxe hits the merfolk siren!!
You feel the power of Trog in you as your rage grows.
You kill the merfolk siren!
Trog accepts your kill.
Trog appreciates your killing of a magic user.
Unknown command.
Unknown command.
Your +8 spectral battleaxe disappears.
Items here: (( /.
You slash the merfolk!
The merfolk is heavily wounded.
Your +8 spectral battleaxe hits the merfolk!!
The merfolk hits your +8 spectral battleaxe with a +0 trident!!
Your spectral weapon shares its damage with you!
Your +8 spectral battleaxe disappears.
* * * LOW HITPOINT WARNING * * *
The merfolk shouts!
You slice the merfolk!!
You kill the merfolk!
Trog accepts your kill.
The satyr unwields a +0 spear.
The satyr wields a +0 longbow.
The satyr shoots an arrow.
The arrow hits you!!
You die...

####†...##~P~~.~~≈≈≈≈≈≈
##....)...##.~~~P~≈≈≈≈≈≈ ≈≈P
#.<........#~.~~.~≈≈≈≈≈≈#
≈≈~.##.....†....#.~~~.~≈≈≈≈≈≈#
≈~~.#....P.P..P.P.[.~~~≈≈≈≈≈≈#
≈~~..............P.~~~~≈≈≈≈≈≈#
~...[........#####~.~~P≈≈≈≈≈≈#
~~.)..P....###..°###~~~≈≈≈≈≈≈#
~P.PP.....##°(@....##~~≈≈≈≈≈≈#
~~........#°°)8#...}#~~≈≈≈≈≈≈#
.........##.m°m##c..##~≈≈≈≈≈≈#
~..P~....'...(._#...}#P≈≈≈≈≈≈#
~~~...P..##..).## ..##~≈≈≈≈≈≈#
~~~.~~.~..#.))8# )#~.≈≈≈≈≈≈#
≈≈.~~P~~.~##~~~.c..##~≈≈≈≈≈≈≈#
≈≈≈≈≈≈.~...###~..## ~≈≈≈≈≈≈≈≈#
≈≈≈≈≈≈≈≈≈≈.~ #### ≈≈≈≈≈≈≈≈≈#


You could see a merfolk impaler (very poisoned), a satyr and a merfolk.

Vanquished Creatures
  Saint Roka (Orc:2)
  Arachne (Spider:2)
  Mlioglotl (Spider:1)
  Gastronok (D:8)
  An azure jelly (IceCv)
  4 emperor scorpions
  3 ghost moths
  An orc warlord (Orc:2)
  The ghost of jasper the Mimic, a journeyman DsAE of Okawaru (Orc:2)
  3 quicksilver oozes (IceCv)
  A stone giant (D:15)
  The ghost of Doj the Devastator, a journeyman DsFE of Vehumet (D:13)
  3 broodmothers
  The ghost of grandjackal the Fighter, a journeyman DrGl of Vehumet (Orc:2)
  Azrael (Orc:1)
  A minotaur (Gauntlet)
  An apis (Shoals:4)
  4 spark wasps
  An ettin (Orc:2)
  4 merfolk javelineers
  A fire dragon (Lair:5)
  A spectral kraken (Shoals:3)
  2 rakshasas (D:9)
  5 merfolk impalers
  8 hydras
  9 entropy weavers
  2 ogre magi
  The ghost of dragonking145 the Basher, a journeyman FoFi (Orc:2)
  5 centaur warriors
  2 ghost crabs
  A death knight (D:14)
  Erica (Lair:1)
  4 radroaches
  An alligator snapping turtle (Shoals:3)
  9 boulder beetles
  3 catoblepae
  A death scarab (Gauntlet)
  A jorogumo (Spider:4)
  3 merfolk aquamancers
  5 death yaks (Lair:3)
  13 two-headed ogres
  Urug (Orc:2)
  2 orc high priests (Orc:2)
  A satyr (Shoals:2)
  8 tengu warriors
  A hell knight (D:15)
  15 demonic crawlers
  A deep elf knight (D:13)
  2 sun moths (Spider:3)
  A spectral death yak (Gauntlet)
  6 pharaoh ants
  A deep troll (shapeshifter) (D:15)
  10 sea snakes
  9 skysharks
  9 orb spiders
  8 steelbarb worms
  2 lindwurms (Lair:5)
  3 deep elf pyromancers
  An orc knight (Orc:2)
  2 orc sorcerers (Orc:2)
  2 necromancers (D:15)
  An oklob plant (D:11)
  4 ugly things
  Maurice (D:8)
  10 fauns
  5 cyclopes
  10 manticores
  19 wolf spiders
  14 elephants
  6 moths of wrath
  6 merfolk sirens
  2 ice statues (IceCv)
  3 water nymphs
  8 torpor snails
  3 black mambas
  10 cane toads
  4 gargoyles
  6 kobold demonologists
  An efreet (D:13)
  2 rime drakes (Lair:4)
  11 komodo dragons
  5 yaktaurs (D:15)
  2 tengu conjurers
  2 freezing wraiths (D:14)
  3 tyrant leeches (Lair:5)
  3 polar bears
  14 meliai
  4 spectral merfolk (Shoals:3)
  6 trolls
  19 merfolk
  2 wind drakes
  13 blink frogs
  7 hornets
  20 tarantellas
  2 dream sheep (Shoals:2)
  2 spectral manticores (Shoals:3)
  Prince Ribbit (D:7)
  6 saltlings (Orc:2)
  4 snapping turtles
  18 slime creatures
  14 culicivoras
  9 shadows
  Sigmund (D:3)
  A spectral wind drake (Shoals:3)
  23 jumping spiders
  6 wyverns
  8 wraiths
  29 yaks
  2 fire bats (Lair:1)
  5 vampires (D:9)
  4 water elementals
  2 fire elementals (Orc:2)
  4 basilisks
  A hog (D:10)
  3 steam dragons
  46 redbacks
  Edmund (D:4)
  2 wargs
  Menkaure (D:5)
  2 acid dragons
  14 water moccasins
  2 spectral snapping turtles (Shoals:3)
  A hell hound (Orc:2)
  2 great orb of eyes simulacra (IceCv)
  24 orc warriors
  3 ice beasts
  5 black bears
  7 ogres
  6 boggarts
  25 wolves
  7 centaurs
  3 phantoms
  3 slime creature simulacra (IceCv)
  2 kobold brigands (D:9)
  Blork the orc (D:4)
  7 bullfrogs
  6 scorpions
  6 glowing shapeshifter simulacra (IceCv)
  8 wights
  5 killer bees
  5 howler monkeys
  4 jellies
  3 gnoll boudas
  15 orc priests
  4 hounds (D:5)
  Crazy Yiuf (D:2)
  Ijyb (D:3)
  Terence (D:2)
  Jessica (D:2)
  2 sleepcaps
  4 iguanas
  19 orc wizards
  A shapeshifter simulacrum (IceCv)
  11 gnolls
  3 adders
  A shadow imp (D:6)
  3 white imps
  A dart slug (D:1)
  74 orcs
  10 endoplasms
  3 giant cockroaches
  12 goblins
  6 hobgoblins
  3 jackals (D:1)
  8 kobolds
  2 quokkas (D:2)
  3 ball pythons
  5 bats
  3 frilled lizards
  5 rats
  2 tentacles (Shoals:3)
974 creatures vanquished.

Vanquished Creatures (collateral kills)
  Snorg (Orc:2)
  A merfolk javelineer (Shoals:4)
  The ghost of kd29 the Fighter, a journeyman HOFi of Qazlal (D:10)
  2 orc knights (Orc:2)
  An orc sorcerer (Orc:2)
  A manticore (Shoals:4)
  A saltling (Orc:2)
8 creatures vanquished.

Vanquished Creatures (others)
  A cherub (Shoals:4)
  A tengu conjurer (D:15)
  A slime creature (IceCv)
  A culicivora (Spider:3)
  A water elemental (Shoals:2)
  A fire elemental (Orc:2)
  34 spectral weapons
  6 tentacles (Shoals:3)
46 creatures vanquished.

Grand Total: 1028 creatures vanquished

Notes
Turn   | Place    | Note
-------+----------+-------------------------------------------
     0 | D:1      | jejorda2 the Gnoll Berserker began the quest for the Orb.
     0 | D:1      | Reached XP level 1. HP: 23/23 MP: 1/1
    40 | D:1      | Reached XP level 2. HP: 26/29 MP: 2/2
   202 | D:1      | Reached ** piety under Trog
   203 | D:1      | Reached XP level 3. HP: 33/35 MP: 3/3
   546 | D:2      | Reached skill level 1 in Invocations
   648 | D:2      | Found a runed translucent door.
   649 | D:2      | Noticed Crazy Yiuf
   659 | D:2      | Killed Crazy Yiuf
   660 | D:2      | Reached skill level 1 in Short Blades
   660 | D:2      | Reached skill level 1 in Long Blades
   660 | D:2      | Reached skill level 1 in Maces & Flails
   660 | D:2      | Reached skill level 1 in Polearms
   660 | D:2      | Reached skill level 1 in Staves
   660 | D:2      | Reached skill level 1 in Ranged Weapons
   660 | D:2      | Reached skill level 1 in Throwing
   660 | D:2      | Reached skill level 1 in Stealth
   660 | D:2      | Reached skill level 1 in Shields
   660 | D:2      | Reached skill level 1 in Unarmed Combat
   660 | D:2      | Reached skill level 1 in Spellcasting
   660 | D:2      | Reached skill level 1 in Evocations
   660 | D:2      | Reached skill level 1 in Shapeshifting
   660 | D:2      | Reached XP level 4. HP: 26/41 MP: 5/5
   886 | D:2      | Noticed Terence
   902 | D:2      | Killed Terence
   903 | D:2      | Reached skill level 1 in Conjurations
   903 | D:2      | Reached skill level 1 in Hexes
   903 | D:2      | Reached skill level 1 in Summonings
   903 | D:2      | Reached skill level 1 in Necromancy
   903 | D:2      | Reached skill level 1 in Translocations
   903 | D:2      | Reached skill level 1 in Transmutations
   903 | D:2      | Reached skill level 1 in Fire Magic
   903 | D:2      | Reached skill level 1 in Ice Magic
   903 | D:2      | Reached skill level 1 in Air Magic
   903 | D:2      | Reached skill level 1 in Earth Magic
   903 | D:2      | Reached skill level 1 in Poison Magic
  1019 | D:2      | Found Ymyxaakk's Armour Boutique.
  1205 | D:2      | Noticed Jessica
  1210 | D:2      | Killed Jessica
  1211 | D:2      | Reached XP level 5. HP: 47/47 MP: 5/7
  1448 | D:3      | You fall into a shaft and drop 1 floor!
  1452 | D:4      | Noticed an ogre
  1462 | D:4      | Killed an ogre
  1463 | D:4      | Reached XP level 6. HP: 53/53 MP: 8/8
  1603 | D:3      | Noticed Sigmund
  1605 | D:3      | Noticed Ijyb
  1609 | D:3      | Killed Sigmund
  1610 | D:3      | Reached skill level 5 in Armour
  1610 | D:3      | Reached skill level 5 in Dodging
  1617 | D:3      | Killed Ijyb
  1618 | D:3      | Reached XP level 7. HP: 59/59 MP: 8/10
  1691 | D:3      | Found an iron altar of Okawaru.
  1714 | D:3      | Found Pougug's Magic Scroll Shop.
  1722 | D:3      | Bought a scroll of teleportation for 30 gold pieces
  1964 | D:4      | Noticed Blork the orc
  2165 | D:4      | Killed Blork the orc
  2255 | D:4      | Reached XP level 8. HP: 50/67 MP: 12/12
  2435 | D:4      | Noticed Edmund
  2444 | D:4      | Killed Edmund
  2645 | D:4      | Found a stormy altar of Qazlal.
  3158 | D:4      | Found a stormy altar of Qazlal.
  3218 | D:5      | Entered Level 5 of the Dungeon
  3236 | D:5      | Noticed Menkaure
  3247 | D:5      | Killed Menkaure
  3331 | D:5      | Reached *** piety under Trog
  3413 | D:5      | Found a runed translucent gate.
  3413 | D:5      | Found a runed translucent gate.
  3414 | D:5      | Found a runed translucent gate.
  3415 | D:5      | Noticed Jeffwins's ghost (novice TrEE)
  3547 | D:5      | Identified the +0 scale mail of the Yeti {rPois Regen+
                  | Int+2}
  3731 | D:5      | Found a blossoming altar of Fedhas.
  3771 | D:5      | Reached XP level 9. HP: 71/73 MP: 14/14
  4233 | D:3      | Bought a scroll of brand weapon for 95 gold pieces
  4861 | D:6      | Found a staircase to the Ecumenical Temple.
  5312 | D:7      | Reached skill level 5 in Invocations
  5369 | D:7      | Noticed Prince Ribbit
  5370 | D:7      | Noticed Jeremiah
  5373 | D:7      | Noticed a two-headed ogre
  5377 | D:7      | Killed Prince Ribbit
  5385 | D:7      | Killed a two-headed ogre
  5385 | D:7      | Reached **** piety under Trog
  5386 | D:7      | Reached skill level 5 in Short Blades
  5386 | D:7      | Reached skill level 5 in Long Blades
  5386 | D:7      | Reached skill level 5 in Maces & Flails
  5386 | D:7      | Reached skill level 5 in Polearms
  5386 | D:7      | Reached skill level 5 in Staves
  5386 | D:7      | Reached skill level 5 in Ranged Weapons
  5386 | D:7      | Reached skill level 5 in Throwing
  5386 | D:7      | Reached skill level 5 in Stealth
  5386 | D:7      | Reached skill level 5 in Shields
  5386 | D:7      | Reached skill level 5 in Unarmed Combat
  5386 | D:7      | Reached skill level 5 in Spellcasting
  5386 | D:7      | Reached skill level 5 in Evocations
  5386 | D:7      | Reached XP level 10. HP: 76/82 MP: 17/17
  5595 | D:7      | Identified the +8 falchion of Defiance {flame, Fly rF-
                  | Str+6}
  6334 | D:8      | Noticed Maurice
  6349 | D:8      | Killed Maurice
  6556 | D:8      | Reached skill level 5 in Shapeshifting
  6829 | D:8      | Noticed Gastronok
  6841 | D:8      | Killed Gastronok
  7006 | D:8      | Found a runed translucent door.
  7055 | D:8      | Identified the +3 spear of Chance {pain, rElec}
  7057 | D:8      | Noticed waewhow's ghost (novice DsBe)
  7216 | D:9      | Found an iron altar of Okawaru.
  7227 | D:9      | Reached XP level 11. HP: 76/87 MP: 19/19
  7336 | D:9      | Reached skill level 5 in Conjurations
  7336 | D:9      | Reached skill level 5 in Hexes
  7336 | D:9      | Reached skill level 5 in Summonings
  7336 | D:9      | Reached skill level 5 in Necromancy
  7336 | D:9      | Reached skill level 5 in Translocations
  7336 | D:9      | Reached skill level 5 in Transmutations
  7336 | D:9      | Reached skill level 5 in Fire Magic
  7336 | D:9      | Reached skill level 5 in Ice Magic
  7336 | D:9      | Reached skill level 5 in Air Magic
  7336 | D:9      | Reached skill level 5 in Earth Magic
  7336 | D:9      | Reached skill level 5 in Poison Magic
  7341 | D:9      | Noticed a two-headed ogre
  7347 | D:9      | Killed a two-headed ogre
  7437 | D:9      | Noticed a two-headed ogre
  7440 | D:9      | Killed a two-headed ogre
  7516 | D:9      | Noticed a two-headed ogre
  7525 | D:9      | Killed a two-headed ogre
  7916 | D:9      | Noticed a two-headed ogre
  7925 | D:9      | Killed a two-headed ogre
  8062 | D:9      | Found a shimmering blue altar of Sif Muna.
  8325 | D:9      | Reached XP level 12. HP: 96/96 MP: 22/22
  8475 | D:9      | Found a shadowy altar of Dithmenos.
  8475 | D:9      | Noticed a rakshasa
  8482 | D:9      | Noticed a rakshasa
  8485 | D:9      | Killed a rakshasa
  8504 | D:9      | Killed a rakshasa
  8511 | D:9      | Identified the +6 arbalest of Kuett {drain, rN+ Dex+3}
  8839 | D:10     | Entered Level 10 of the Dungeon
  9213 | D:10     | Noticed Sonja
  9214 | D:10     | Sonja changed into Sonja the hog
  9214 | D:10     | Noticed Sonja
  9217 | D:10     | Killed Sonja the hog
  9218 | D:10     | Reached skill level 10 in Fighting
  9218 | D:10     | Reached skill level 10 in Axes
  9352 | D:10     | Found a runed translucent gate.
  9352 | D:10     | Noticed kd29's ghost (journeyman HOFi)
  9353 | D:10     | Found a runed translucent gate.
  9355 | D:10     | Found a runed translucent gate.
  9454 | D:10     | Reached ***** piety under Trog
  9514 | D:10     | Found the +2 pair of slick slippers {slick, slippery, EV+4}
  9562 | D:10     | Killed kd29's ghost
  9746 | D:11     | Noticed a two-headed ogre
  9751 | D:11     | Killed a two-headed ogre
  9926 | D:11     | Found a gate leading to a gauntlet.
  9933 | Gauntlet | Entered a Gauntlet
  9933 | Gauntlet | Noticed a death scarab
  9933 | Gauntlet | Found a transporter.
  9933 | Gauntlet | Found a transporter.
  9933 | Gauntlet | Found a transporter.
  9953 | Gauntlet | Found a transporter.
  9967 | Gauntlet | Found a transporter.
  9983 | Gauntlet | Found a transporter.
 10006 | Gauntlet | Found a transporter.
 10020 | Gauntlet | Found a transporter.
 10020 | Gauntlet | Found a transporter.
 10020 | Gauntlet | Found a transporter.
 10068 | Gauntlet | Found a transporter.
 10080 | Gauntlet | Found a transporter.
 10145 | Gauntlet | Killed a death scarab
 10550 | Gauntlet | Identified the +0 buckler of Unnemit {Rampage rElec Str+2}
 10550 | Gauntlet | Noticed a minotaur
 10556 | Gauntlet | Killed a minotaur
 10709 | D:11     | Noticed a two-headed ogre
 10715 | D:11     | Reached XP level 13. HP: 104/104 MP: 23/25
 10997 | D:11     | Found a staircase to the Lair.
 11895 | D:12     | Found a staircase to the Orcish Mines.
 12460 | D:12     | Found a glowing golden altar of the Shining One.
 12675 | Lair:1   | Entered Level 1 of the Lair of Beasts
 12713 | Lair:1   | Noticed Erica
 12720 | Lair:1   | Killed Erica
 13628 | Lair:2   | Reached skill level 10 in Armour
 13628 | Lair:2   | Reached skill level 10 in Dodging
 14016 | Lair:2   | Reached XP level 14. HP: 78/113 MP: 25/27
 14686 | Lair:2   | Reached skill level 10 in Invocations
 15424 | Lair:3   | Found a staircase to the Shoals.
 15488 | Lair:3   | Identified a scroll of acquirement
 15489 | Lair:3   | Acquired the ring "Apas" {rElec rPois EV+5 Int+3 Slay+2}
 15696 | Lair:3   | Identified the +4 halberd of the Fox {flame, Dex+2} (Trog
                  | gifted it to you on level 3 of the Lair of Beasts)
 15696 | Lair:3   | Received a gift from Trog
 15837 | Lair:3   | Found a hole to the Spider Nest.
 16951 | Lair:5   | Entered Level 5 of the Lair of Beasts
 16960 | Lair:5   | Found a staircase to the Slime Pits.
 16960 | Lair:5   | Found a viscous altar of Jiyva.
 17536 | Lair:5   | Reached XP level 15. HP: 105/120 MP: 28/28
 17804 | Lair:5   | Found a runed translucent door.
 17944 | Lair:5   | Reached skill level 10 in Short Blades
 17944 | Lair:5   | Reached skill level 10 in Long Blades
 17944 | Lair:5   | Reached skill level 10 in Maces & Flails
 17944 | Lair:5   | Reached skill level 10 in Polearms
 17944 | Lair:5   | Reached skill level 10 in Staves
 17944 | Lair:5   | Reached skill level 10 in Ranged Weapons
 17944 | Lair:5   | Reached skill level 10 in Throwing
 17944 | Lair:5   | Reached skill level 10 in Stealth
 17944 | Lair:5   | Reached skill level 10 in Shields
 17944 | Lair:5   | Reached skill level 10 in Unarmed Combat
 17944 | Lair:5   | Reached skill level 10 in Spellcasting
 17944 | Lair:5   | Reached skill level 10 in Evocations
 18361 | Lair:5   | Received a gift from Trog
 19227 | D:13     | Identified the +3 scale mail of Purpose {rN+}
 19433 | D:13     | Found a runed translucent gate.
 19434 | D:13     | Found a runed translucent gate.
 19435 | D:13     | Found a runed translucent gate.
 19436 | D:13     | Noticed Doj's ghost (journeyman DsFE)
 19614 | D:13     | Found an iron altar of Okawaru.
 19632 | D:13     | Killed Doj's ghost
 19741 | D:13     | Identified the +10 great mace of Equivalence {drain, Fly
                  | Int+3 Dex+3}
 20089 | D:14     | Found a gate to the Vaults.
 20979 | D:15     | Entered Level 15 of the Dungeon
 21026 | D:15     | Found a staircase to the Depths.
 21677 | D:15     | Identified the +1 scale mail of Tinaabog {rElec Slay-3
                  | Stlth+}
 21693 | D:15     | Reached XP level 16. HP: 125/129 MP: 30/30
 21824 | D:15     | Found Tygiwk Hypri's Armour Boutique.
 22068 | D:15     | Received a gift from Trog
 22660 | Orc:1    | Entered Level 1 of the Orcish Mines
 22935 | Orc:2    | Entered Level 2 of the Orcish Mines
 22935 | Orc:2    | Noticed Azrael
 22937 | Orc:2    | Noticed Saint Roka
 22939 | Orc:2    | Noticed Urug
 22950 | Orc:1    | Killed Azrael
 23148 | Orc:2    | Reached skill level 10 in Shapeshifting
 23152 | Orc:2    | Killed Urug
 23154 | Orc:2    | Killed Saint Roka
 23245 | Orc:2    | Found Futz's Book Shoppe.
 23274 | Orc:2    | Noticed Snorg
 23286 | Orc:2    | Killed Snorg
 23325 | Orc:2    | Found Utuquzuo's General Store.
 23359 | Orc:2    | Found a runed translucent gate.
 23359 | Orc:2    | Found a runed translucent gate.
 23360 | Orc:2    | Found a runed translucent gate.
 23364 | Orc:2    | Noticed dragonking145's ghost (journeyman FoFi)
 23364 | Orc:2    | Noticed jasper's ghost (journeyman DsAE)
 23364 | Orc:2    | Noticed grandjackal's ghost (journeyman DrGl)
 23391 | Orc:2    | Found a frozen archway.
 23400 | IceCv    | Entered an ice cave
 23616 | IceCv    | Received a gift from Trog
 23882 | IceCv    | Found a viscous altar of Jiyva.
 23882 | IceCv    | Noticed an azure jelly
 23890 | IceCv    | Killed an azure jelly
 23970 | IceCv    | Got the ring "Guinitu" {Ice *Slow rPois Int+4 Dex+3}
 23974 | IceCv    | Identified the +6 ice dragon scales "Etamef" {Drain rF-
                  | rC++ Int+3 SInv Stlth+}
 24480 | Orc:2    | Found a staircase to the Elven Halls.
 25084 | Orc:2    | Found Enucrapp's General Store.
 25086 | Orc:2    | Found Qeojab's Weapon Shoppe.
 25171 | Orc:2    | Killed grandjackal's ghost
 25175 | Orc:2    | Killed dragonking145's ghost
 25176 | Orc:2    | Killed jasper's ghost
 25345 | D:15     | Bought a +0 helmet of see invisible for 161 gold pieces
 25664 | Spider:1 | Entered Level 1 of the Spider Nest
 26270 | Spider:1 | Noticed Mlioglotl
 26285 | Spider:1 | Killed Mlioglotl
 26549 | Spider:1 | Identified the +0 chain mail of Ru's Reproof {rF+ rN+
                  | Stlth+}
 26705 | Spider:1 | Reached XP level 17. HP: 136/136 MP: 32/32
 27083 | Spider:2 | Found a runed translucent gate.
 27083 | Spider:2 | Found a runed translucent gate.
 27083 | Spider:2 | Found a runed translucent gate.
 27084 | Spider:2 | Noticed Luyduwku's ghost (journeyman FeSh)
 27085 | Spider:2 | Noticed Uximull's ghost (adept DsCA)
 27539 | Spider:2 | Noticed Arachne
 27547 | Spider:2 | Killed Arachne
 28219 | Spider:2 | Reached skill level 10 in Conjurations
 28219 | Spider:2 | Reached skill level 10 in Hexes
 28219 | Spider:2 | Reached skill level 10 in Summonings
 28219 | Spider:2 | Reached skill level 10 in Necromancy
 28219 | Spider:2 | Reached skill level 10 in Translocations
 28219 | Spider:2 | Reached skill level 10 in Transmutations
 28219 | Spider:2 | Reached skill level 10 in Fire Magic
 28219 | Spider:2 | Reached skill level 10 in Ice Magic
 28219 | Spider:2 | Reached skill level 10 in Air Magic
 28219 | Spider:2 | Reached skill level 10 in Earth Magic
 28219 | Spider:2 | Reached skill level 10 in Poison Magic
 29467 | Spider:3 | Received a gift from Trog
 30772 | Spider:4 | Entered Level 4 of the Spider Nest
 32160 | Spider:4 | Received a gift from Trog
 32161 | Spider:4 | Reached XP level 18. HP: 145/145 MP: 34/34
 33739 | Spider:4 | Got a gossamer rune of Zot
 34003 | Shoals:1 | Entered Level 1 of the Shoals
 34004 | Shoals:1 | Found a runed translucent gate.
 34005 | Shoals:1 | Found a runed translucent gate.
 34007 | Shoals:1 | Found a runed translucent gate.
 34008 | Shoals:1 | Noticed Mungiw's ghost (adept MiBe)
 34102 | Shoals:1 | Found Juufil's Armour Emporium.
 34140 | Shoals:1 | Found a glowing golden altar of the Shining One.
 35038 | Shoals:2 | Found Herizukk's Self-Improvement Boutique.
 35316 | Shoals:2 | Received a gift from Trog
 36501 | Shoals:3 | Identified the +6 great sword "Xuxtamehiwk" {flame, rCorr
                  | MP+9 Dex+6}
 37063 | Shoals:2 | Bought a manual of Maces & Flails for 1120 gold pieces
 37063 | Shoals:2 | Bought a manual of Throwing for 1120 gold pieces
 37369 | Shoals:4 | Entered Level 4 of the Shoals
 37381 | Shoals:4 | Reached XP level 19. HP: 148/153 MP: 36/36
 37490 | Shoals:4 | Found a white marble altar of Elyvilon.
 37504 | Shoals:4 | HP: 5/153 [merfolk javelineer/silver javelin (3)]
 37517 | Shoals:4 | Shot with an arrow by a satyr

Illustrated notes

Levels and vault maps discovered:
D:1:      amcnicky_arrival_single_pillar, layout_rooms
D:2:      layout_rooms, serial_shops, shop, uniq_terence, uniq_jessica,
          uniq_crazy_yiuf_cottage
D:3:      layout_basic, overflow_temple_1_default, serial_shops, shop,
          uniq_sigmund, uniq_ijyb
D:4:      layout_basic, lemuel_tele_altar, uniq_edmund, uniq_blork_the_orc
D:5:      layout_basic, fedhas_altar_fruit_tree, gammafunk_ghost_necromancy,
          small_statue_intersection, uniq_menkaure
D:6:      layout_gridville, temple_doors_e
D:7:      layout_basic, uniq_jeremiah, uniq_prince_ribbit1
D:8:      layout_loops_ring, ebering_ghost_funeral_grove,
          minmay_gold_behind_fungi, uniq_maurice, uniq_gastronok
D:9:      regret_index_dithmenos_penumbral_divide, layout_small_grid,
          hangedman_feature_mirror, hangedman_decor_peaks_small
D:10:     layout_roguey, biasface_ghost_orc_armoury, uniq_sonja
D:11:     layout_basic, dpeg_oklobed_lair, gauntlet_entry_generic,
          grunt_ministairs_5
D:12:     layout_irregular_city, david_orc_4, serial_column_ruins,
          column_ruins_hut_pillars, column_ruins_open_tiny, column_ruins_grid_1,
          column_ruins_open_small, column_ruins_open_medium,
          column_ruins_open_medium, minmay_misc_feat_plants,
          nicolae_tso_carved_into_rock
D:13:     layout_roguey, gammafunk_ghost_fury_of_okawaru
D:14:     layout_roguey, david_vaults_2, serial_rivers,
          chequers_serial_rivers_large_b, chequers_serial_rivers_micro_d,
          chequers_serial_rivers_large_a, chequers_serial_rivers_small_b,
          kennysheep_generic_room_14
D:15:     hangedman_depths_entry_civil_slaughter, layout_basic, serial_shops,
          shop, serial_rivers, chequers_serial_rivers_marsh,
          chequers_serial_rivers_micro_a, chequers_serial_rivers_small_3,
          chequers_serial_rivers_micro_e, chequers_serial_rivers_small_b,
          chequers_serial_rivers_micro_a, dk_noncrumbling_3, minmay_circle_x
Lair:1:   statuecave_lemuel, layout_gridlike, grunt_megastairs_2,
          infiniplex_staircase_pool_2, uniq_erica
Lair:2:   layout_cave_pods
Lair:3:   layout_cave_shapes, minmay_shoals_entry_centaurs,
          nicolae_spider_entry_lesser_pyramids, nicolae_quartered_pool_medium
Lair:4:   layout_long_grid, minivault_11, serial_bayou_shore_b,
          lemuel_fruit_fields
Lair:5:   wormcave, layout_regular_city, slime_entry_1, grunt_megastairs_5
Shoals:1: layout_shoals, ebering_ghost_rock_garden, serial_shops,
          nicolae_shop_real_fake_doors, lemuel_altar_in_water
Shoals:2: layout_shoals, nicolae_shop_self_help
Shoals:3: nicolae_shoals_island_circles, layout_shoals,
          nicolae_shoals_spectral_cove
Shoals:4: shoals_end_hellmonk_holy_island, serial_shops
Spider:1: layout_spider_delve, uniq_mlioglotl
Spider:2: layout_spider_delve, gammafunk_ghost_cemetery, hellmonk_test_site,
          uniq_arachne
Spider:3: layout_spider_delve, nicolae_spider_jagged_tunnels
Spider:4: hellmonk_spider_rune_bug_friends
Orc:1:    layout_diamond_mine, statue_in_the_mist_lemuel
Orc:2:    hellmonk_orc_salted, layout_diamond_mine,
          portal_ice_cave_entry_pillars_1, gammafunk_ghost_cemetery, uniq_urug,
          uniq_azrael, uniq_snorg, uniq_saint_roka

Skill      XL: |  1  2  3  4  5  6  7  8  9 10 11 12 13 14 15 16 17 18 |
---------------+-------------------------------------------------------+-----
Invocations    | 1 2 3 4 5 6 7 8 9 10 11 12 13 14 | 14.2
Short Blades   | 1 2 3 5 6 8 9 10 11 12 13 | 13.1
Long Blades    | 1 2 3 5 6 8 9 10 11 13 14 | 14.6
Maces & Flails | 1 2 3 5 6 8 9 10 11 12 13 | 13.2
Polearms       | 1 2 3 5 6 8 9 10 11 12 13 | 13.1
Staves         | 1 2 3 5 6 8 9 10 11 12 13 | 13.1
Ranged Weapons | 1 2 3 5 6 8 9 10 11 12 13 | 13.1
Throwing       | 1 2 3 5 6 8 9 10 11 12 13 | 13.2
Stealth        | 1 2 3 5 6 8 9 10 11 12 13 | 13.1
Shields        | 1 2 3 5 6 8 9 10 11 12 13 | 13.1
Unarmed Combat | 1 2 3 5 6 8 9 10 11 12 13 | 13.1
Spellcasting   | 1 2 3 5 6 8 9 10 11 12 13 | 13.1
Evocations     | 1 2 3 5 6 8 9 10 11 12 13 | 13.1
Shapeshifting  | 1 2 3 4 5 6 7 8 9 10 11 12 | 12.0
Conjurations   | 1 2 3 4 5 6 7 8 9 10 11 | 11.1
Hexes          | 1 2 3 4 5 6 7 8 9 10 11 | 11.1
Summonings     | 1 2 3 4 5 6 7 8 9 10 11 | 11.1
Necromancy     | 1 2 3 4 5 6 7 8 9 10 11 | 11.1
Translocations | 1 2 3 4 5 6 7 8 9 10 11 | 11.1
Transmutations | 1 2 3 4 5 6 7 8 9 10 11 | 11.1
Fire Magic     | 1 2 3 4 5 6 7 8 9 10 11 | 11.1
Ice Magic      | 1 2 3 4 5 6 7 8 9 10 11 | 11.1
Air Magic      | 1 2 3 4 5 6 7 8 9 10 11 | 11.1
Earth Magic    | 1 2 3 4 5 6 7 8 9 10 11 | 11.1
Poison Magic   | 1 2 3 4 5 6 7 8 9 10 11 | 11.1
Armour         | 5 6 7 8 9 10 11 12 13 | 13.8
Dodging        | 5 6 7 8 9 10 11 12 13 | 13.8
Fighting       | 7 8 9 10 11 12 13 14 | 14.5
Axes           | 7 8 9 10 11 12 13 14 | 14.5

Action                     |  1- 3 |  4- 6 |  7- 9 | 10-12 | 13-15 | 16-18 | 19-21 || total
---------------------------+-------+-------+-------+-------+-------+-------+-------++-------
  Melee: Hand axe          |   104 |    52 |    48 |       |       |       |       ||   204
         Bite              |    14 |     6 |    28 |    37 |    91 |   162 |     2 ||   340
         Punch             |     1 |       |     1 |       |       |       |       ||     2
         Battleaxe         |       |       |   170 |   307 |   583 |   895 |    24 ||  1979
         Dire flail        |       |       |       |       |    52 |    12 |     2 ||    66
  Throw: Javelin           |       |     1 |     4 |       |     5 |     5 |       ||    15
         Dart              |       |       |       |       |    19 |   100 |       ||   119
         Boomerang         |       |       |       |       |       |    21 |     3 ||    24
 Invoke: Berserk           |     1 |     3 |     4 |    10 |    10 |    15 |     1 ||    44
         Trog's Hand       |       |     1 |     2 |     7 |     7 |    11 |     1 ||    29
         Brothers in Arms  |       |       |       |     2 |       |     2 |     1 ||     5
  Evoke: Wand              |       |       |       |     2 |     1 |    21 |       ||    24
         Lightning rod     |       |       |       |       |     3 |       |       ||     3
    Use: Scroll            |       |       |    12 |    11 |    11 |     8 |     2 ||    44
         Potion            |       |       |       |     2 |     3 |     2 |     3 ||    10
   Stab: Distracted        |       |       |       |     2 |     9 |    23 |     2 ||    36
 Armour: Animal skin       |    10 |       |       |       |       |       |       ||    10
         Ring mail         |    43 |     6 |       |       |       |       |       ||    49
         Chain mail        |       |    15 |   155 |   210 |       |       |       ||   380
         Plate armour      |       |       |       |    49 |   480 |   683 |    46 ||  1258
  Dodge: Dodged            |    68 |    18 |   115 |   157 |   522 |  1050 |    39 ||  1969

Table legend: (Time is in decaauts)
 A = Elapsed time spent in this place.
 B = Non-inter-level travel time spent in this place.
 C = Inter-level travel time spent in this place.
 D = Time resting spent in this place.
 E = Time spent auto-exploring this place.
 F = Levels seen in this place.
 G = Mean time per level.
                   A        B        C        D        E       F      G
               +--------+--------+--------+--------+--------+-----+--------+
         Total |  38442 |  35667 |   2775 |   5535 |  23849 |  32 | 1201.3 |
       Dungeon |  16509 |  15158 |   1351 |   1234 |  11140 |  15 | 1100.6 |
          Lair |   6418 |   6069 |    349 |    663 |   4514 |   5 | 1283.6 |
        Shoals |   3796 |   3467 |    329 |     14 |   2778 |   4 |  949.0 |
   Spider Nest |   8272 |   7689 |    583 |   2622 |   3967 |   4 | 2068.0 |
  Orcish Mines |   1689 |   1528 |    161 |    207 |    953 |   2 |  844.5 |
      Ice Cave |    976 |    976 |      0 |    474 |    277 |   1 |  976.0 |
      Gauntlet |    780 |    780 |      0 |    319 |    219 |   1 |  780.0 |
               +--------+--------+--------+--------+--------+-----+--------+

Top non-repeatable levels by time:
Spider:4: 2865 daAuts
Spider:2: 2343 daAuts
Spider:3: 1904 daAuts
  Lair:2: 1842 daAuts
  Lair:5: 1804 daAuts
     D:9: 1697 daAuts
    D:14: 1549 daAuts
Shoals:3: 1443 daAuts
     D:4: 1418 daAuts
Shoals:2: 1383 daAuts
    D:15: 1361 daAuts
    D:12: 1356 daAuts
    D:11: 1264 daAuts
     D:6: 1258 daAuts
   Orc:2: 1158 daAuts
